 Dungeon Crawl Stone Soup version 0.32-a0-779-g362cfcae2a (webtiles) character file.

Game seed: 3307004608356386044

3164 warriortoast the Geomancer (level 9, -4/52 HPs)
             Began as a Gargoyle Earth Elementalist on Mar 19, 2024.
             Was an Initiate of Hepliaklqana.
             Slain by an orc warrior
             ... wielding a +1 heavy hand axe
              (7 damage)
             ... on level 8 of the Dungeon.
             The game lasted 00:23:52 (8641 turns).

warriortoast the Geomancer (GrEE)                   Turns: 8641, Time: 00:23:52

Health: -4/52      AC: 10    Str: 12    XL:     9   Next: 94%
Magic:  11/18      EV: 11    Int: 20    God:    Hepliaklqana [......]
Gold:   426        SH:  0    Dex: 10    Spells: 1/20 levels left

rFire   . . .        v - +4 spear
rCold   . . .        (no shield)
rNeg    + . .        a - +1 robe
rPois   ∞            (no helmet)
rElec   +            f - +0 cloak
rCorr   .            (no gloves)
SInv    .            (no boots)
Will    .....        (no amulet)
Stlth   +++          (no ring)
HPRegen 0.28/turn    (no ring)
MPRegen 0.16/turn

%: no passive effects
@: mighty, studying Evocations
A: sickness immunity, AC +6, negative energy resistance 1, electricity
resistance, torment resistance 1, petrification resistance
a: Renounce Religion


You were on level 8 of the Dungeon.
You worshipped Hepliaklqana.
Hepliaklqana was noncommittal.
You visited 2 branches of the dungeon, and saw 9 of its levels.

You collected 426 gold pieces.

Inventory:

Hand Weapons
 c - a +0 dagger
 d - a +0 falchion
 n - a +1 scythe of venom
 p - a +3 flail
 v - a +4 spear (weapon)
Missiles
 i - 2 throwing nets
Armour
 a - a +1 robe (worn)
 f - a +0 cloak (worn)
 h - a +0 kite shield
 o - a +0 buckler
Jewellery
 j - an amulet of faith
Wands
 r - a wand of light (10)
 E - a wand of mindburst (7)
Scrolls
 k - a scroll of revelation
 q - a scroll of enchant armour
 s - a scroll of immolation
 y - a scroll of brand weapon {unknown}
 z - a scroll of identify
 A - a scroll of teleportation {unknown}
 B - a scroll of amnesia {unknown}
 C - a scroll of vulnerability {unknown}
 D - a scroll of enchant weapon {unknown}
Potions
 b - a potion of magic
 e - 3 potions of degeneration
 g - 3 potions of brilliance {unknown}
 l - 2 potions of lignification {unknown}
 m - 2 potions of heal wounds {unknown}
 t - 2 potions of might
 u - a potion of berserk rage {unknown}
 w - 3 potions of resistance {unknown}
 x - 2 potions of curing {unknown}
 F - a potion of mutation {unknown}


   Skills:
 + Level 3.9 Fighting
 - Level 1.6 Dodging
 - Level 5.0 Stealth
 + Level 6.3 Spellcasting
 + Level 7.1 Conjurations
 + Level 3.6 Fire Magic
 + Level 1.3 Air Magic
 + Level 8.6 Earth Magic
 + Level 3.0 Evocations


You had one spell level left.
You knew the following spells:

 Your Spells              Type           Power      Damage    Failure   Level
a - Sandblast             Erth           82%        2d17      1%          1
b - Stone Arrow           Conj/Erth      76%        3d11      1%          3
c - Foxfire               Conj/Fire      100%       2x1d9     1%          1
d - Passwall              Erth           41%        N/A       1%          3
e - Brom's Barrelling Bo  Conj/Erth      38%        2d6       3%          4
f - Petrify               Alch/Erth      23%        N/A       17%         4
g - Swiftness             Air            11%        N/A       19%         3

Your spell library contained the following spells:

 Spells                   Type           Power      Damage    Failure   Level
 Shock                    Conj/Air       92%        1d8       1%          1
 Airstrike                Air            5%         2d(1-17)  52%         4
 Starburst                Conj/Fire      13%        6d6       86%         6
 Plasma Beam              Fire/Air       8%         2x1d18    99%         6


Dungeon Overview and Level Annotations

Branches:
Dungeon (8/15)             Temple (1/1) D:7
   Lair: D:8-11

Altars:
Ashenzari
Cheibriados
Dithmenos
Elyvilon
Fedhas
Gozag
Hepliaklqana
Kikubaaqudgha
Makhleb
Nemelex Xobeh
Okawaru
Ru
Sif Muna
Trog
Uskayaw
Vehumet
Wu Jian
Yredelemnul
Zin
The Shining One

Shops:
D:3 [


Innate Abilities, Weirdness & Mutations

You are immune to sickness and miasma.
Your stone body is resilient. (AC +6)
You are immune to poison.
You resist negative energy. (rN+)
You are resistant to electric shocks. (rElec)
You are resistant to unholy torment.
You are immune to petrification.


Message History

The gnoll hits you but does no damage.
The orc warrior hits you with a +1 heavy hand axe!
Magic courses through your body. The gnoll hits you but does no damage.
You are too injured to fight recklessly!
You are too injured to fight recklessly!
You are too injured to fight recklessly!
Casting: Sandblast (safe; 1% risk of failure)
Confirm with . or Enter, or press ? or * to list all spells.
Aiming: Stone Arrow (safe; 1% risk of failure)
Press: ? - help, Shift-Dir - straight line, f/p - orc warrior
Aim: an orc warrior, wielding a +1 heavy hand axe and wearing a +0 plate armour (heavily wounded, 74% to hit)
The stone arrow hits the orc warrior.
The orc warrior is heavily wounded.
The orc warrior hits you with a +1 heavy hand axe.
Casting: Stone Arrow (safe; 1% risk of failure)
Confirm with . or Enter, or press ? or * to list all spells.
Aiming: Stone Arrow (safe; 1% risk of failure)
Press: ? - help, Shift-Dir - straight line, f/p - orc warrior
Aim: an orc warrior, wielding a +1 heavy hand axe and wearing a +0 plate armour (heavily wounded, 74% to hit)
The stone arrow hits the orc warrior!
The orc warrior is almost dead.
The orc warrior hits you with a +1 heavy hand axe!
* * * LOW HITPOINT WARNING * * *
Casting: Stone Arrow (safe; 1% risk of failure)
Confirm with . or Enter, or press ? or * to list all spells.
You conjure some foxfire!
Your foxfire dissipates!
You see here 2 poisoned darts.
Casting: Foxfire (safe; 1% risk of failure)
Confirm with . or Enter, or press ? or * to list all spells.
You conjure some foxfire!
The orc warrior hits you with a +1 heavy hand axe.
* * * LOW HITPOINT WARNING * * *
Your foxfire dissipates!
Okay, then.
It was a potion of might.
You feel very mighty all of a sudden.
The orc warrior hits you with a +1 heavy hand axe!
You die...
Hepliaklqana delivers you to your ancestors.

#......#
######.# y #.#
#K #.# K# #.#
g# #.# .# #.#
.#
###.######)#.#
#########
#...@ogggo.).#
........#
#.#######..###
#######.# #.#
#### #.# #.#
#.# #.# #.#
#.# #.# #.#
#.#####.#
#......<#


You could see an orc warrior, 3 gnolls and an orc.

Vanquished Creatures
  Sigmund (D:2)
  An ice beast (D:6)
  An orc warrior (D:7)
  A sky beast (D:7)
  2 black bears (D:5)
  A centaur (D:4)
  2 kobold brigands (D:8)
  3 phantoms (D:5)
  Blork the orc (D:5)
  4 scorpions
  8 wights
  A killer bee (D:8)
  5 jellies
  7 hounds
  Crazy Yiuf (D:3)
  3 gnoll boudas
  5 orc priests
  4 iguanas
  Jessica (D:3)
  2 orc wizards
  Robin (D:3)
  16 gnolls
  12 adders
  6 white imps
  4 ufetubi
  3 dart slugs
  2 ribbon worms
  24 orcs
  3 ball pythons
  17 endoplasms
  3 giant cockroaches
  19 goblins
  9 hobgoblins
  5 quokkas
  6 bats
  7 frilled lizards
  22 kobolds
  11 rats
224 creatures vanquished.

Vanquished Creatures (others)
  39 foxfires
39 creatures vanquished.

Grand Total: 263 creatures vanquished

Notes
Turn   | Place    | Note
-------+----------+-------------------------------------------
     0 | D:1      | warriortoast the Gargoyle Earth Elementalist began the
                  | quest for the Orb.
     0 | D:1      | Reached XP level 1. HP: 10/10 MP: 3/3
   126 | D:1      | Reached XP level 2. HP: 15/15 MP: 3/5
   381 | D:1      | Reached skill level 4 in Earth Magic
   537 | D:1      | Reached XP level 3. HP: 19/19 MP: 4/6
  1086 | D:2      | Noticed Sigmund
  1090 | D:2      | Killed Sigmund
  1091 | D:2      | Reached skill level 5 in Earth Magic
  1091 | D:2      | Reached XP level 4. HP: 24/24 MP: 1/9
  1091 | D:2      | Reached XP level 5. HP: 28/28 MP: 1/10
  1103 | D:2      | Reached XP level 6. HP: 29/32 MP: 0/11
  1106 | D:2      | Identified the +0 ring mail "Honopyr" {^Contam Str+2 Int+7
                  | Stlth+}
  1942 | D:3      | Found Tacug's Antique Armour Emporium.
  1960 | D:3      | Found a faded altar of an unknown god.
  2002 | D:3      | Found a runed translucent door.
  2003 | D:3      | Noticed Crazy Yiuf
  2062 | D:3      | Noticed Jessica
  2065 | D:3      | Killed Jessica
  2442 | D:3      | Noticed Robin
  2446 | D:3      | Killed Robin
  2949 | D:3      | Killed Crazy Yiuf
  3236 | D:4      | Reached XP level 7. HP: 31/36 MP: 5/13
  3391 | D:4      | Reached skill level 6 in Earth Magic
  4349 | D:5      | Entered Level 5 of the Dungeon
  4434 | D:5      | Found a shadowy altar of Dithmenos.
  4654 | D:5      | Reached skill level 5 in Conjurations
  4654 | D:5      | Reached XP level 8. HP: 41/41 MP: 10/15
  4773 | D:5      | Reached skill level 5 in Spellcasting
  4847 | D:5      | Reached skill level 7 in Earth Magic
  5030 | D:5      | Reached skill level 5 in Stealth
  5221 | D:5      | Learned a level 3 spell: Stone Arrow
  5223 | D:5      | Learned a level 1 spell: Foxfire
  5227 | D:5      | Learned a level 3 spell: Passwall
  5232 | D:5      | Learned a level 4 spell: Brom's Barrelling Boulder
  5237 | D:5      | Learned a level 4 spell: Petrify
  5363 | D:5      | Noticed Blork the orc
  5373 | D:5      | Killed Blork the orc
  5498 | D:5      | Found a blossoming altar of Fedhas.
  5581 | D:5      | Reached skill level 1 in Fighting
  5581 | D:5      | Reached skill level 1 in Fire Magic
  5908 | D:6      | Reached XP level 9. HP: 44/48 MP: 15/17
  6117 | D:6      | Reached skill level 8 in Earth Magic
  6800 | D:6      | Reached skill level 1 in Evocations
  7524 | D:7      | Found a staircase to the Ecumenical Temple.
  7536 | Temple   | Entered the Ecumenical Temple
  7558 | Temple   | Became a worshipper of Hepliaklqana the Forgotten
  7615 | D:7      | Learned a level 3 spell: Swiftness
  8224 | D:7      | Reached skill level 1 in Air Magic
  8354 | D:7      | Found a glowing silver altar of Zin.
  8639 | D:8      | HP: 2/52 [orc warrior/+1 heavy hand axe (2)]
  8641 | D:8      | Slain by an orc warrior

Illustrated notes

Levels and vault maps discovered:
D:1:      elethiomel_arrival_quiet, layout_loops_ring, kennysheep_nondescript
D:2:      layout_basic, uniq_sigmund
D:3:      minmay_skewed_foursquare, layout_loops_cross,
          ebering_ecumenical_altar_sacrificial, serial_shops, shop,
          uniq_jessica, uniq_crazy_yiuf_cottage, uniq_robin
D:4:      cheibrodos_fertilizer, layout_basic
D:5:      layout_basic, minitemple, uniq_blork_the_orc
D:6:      corexii_shack_village, layout_loops_ring,
          hangedman_decor_clover_reticule, chequers_serial_rivers_micro_c
D:7:      layout_basic, zin_scriptorium, minmay_temple_entry_overgrown
D:8:      layout_loops_ring, minmay_statues_item, eino_tiny_chamber
Temple:   nicolae_temple_bog_church

Skill      XL: |  1  2  3  4  5  6  7  8  9 |
---------------+----------------------------+-----
Earth Magic    | 4 5 6 7 8 |  8.6
Conjurations   | 3 4 5 6 7 |  7.1
Spellcasting   | 3 4 5 6 |  6.3
Stealth        | 3 4 5 |  5.0
Fighting       | 2 3 |  3.9
Fire Magic     | 1 3 |  3.6
Evocations     | 3 |  3.0
Air Magic      | 1 |  1.3
Dodging        | |  1.6

Action                     |  1- 3 |  4- 6 |  7- 9 || total
---------------------------+-------+-------+-------++-------
  Melee: Dagger            |     9 |     7 |       ||    16
         Halberd           |       |    12 |       ||    12
         Spear             |       |       |    12 ||    12
   Cast: Sandblast         |    44 |    76 |   222 ||   342
         Foxfire           |       |       |    29 ||    29
         Stone Arrow       |       |       |    12 ||    12
    Use: Scroll            |       |     9 |     3 ||    12
         Potion            |       |     1 |     3 ||     4
   Stab: Sleeping          |       |     1 |       ||     1
 Armour: Robe              |    12 |    27 |   128 ||   167
  Dodge: Dodged            |    15 |    35 |    74 ||   124

Table legend: (Time is in decaauts)
 A = Elapsed time spent in this place.
 B = Non-inter-level travel time spent in this place.
 C = Inter-level travel time spent in this place.
 D = Time resting spent in this place.
 E = Time spent auto-exploring this place.
 F = Levels seen in this place.
 G = Mean time per level.
                   A        B        C        D        E       F      G
               +--------+--------+--------+--------+--------+-----+--------+
         Total |   8819 |   8527 |    292 |   1214 |   5881 |   9 |  979.9 |
       Dungeon |   8776 |   8503 |    273 |   1214 |   5881 |   8 | 1097.0 |
        Temple |     42 |     23 |     19 |      0 |      0 |   1 |   42.0 |
               +--------+--------+--------+--------+--------+-----+--------+

Top non-repeatable levels by time:
     D:7: 1467 daAuts
     D:3: 1447 daAuts
     D:5: 1441 daAuts
     D:4: 1256 daAuts
     D:6: 1250 daAuts
     D:1: 1043 daAuts
     D:2: 683 daAuts
     D:8: 185 daAuts
  Temple: 42 daAuts
